 Dungeon Crawl Stone Soup version 0.28-a0-1510-gd0f6b136d3 (webtiles) character file.

Game seed: 7902326609030560186

65 hashsling the Cudgeller (level 4, -5/33 HPs)
             Began as a Human Wanderer on Jan 15, 2022.
             Was a Follower of Qazlal.
             Shot with a sling bullet by a hobgoblin (8 damage)
             ... on level 3 of the Dungeon.
             The game lasted 00:08:22 (1784 turns).

hashsling the Cudgeller (Human Wanderer)            Turns: 1784, Time: 00:08:23

Health: -5/33      AC:  7    Str: 14    XL:     4   Next: 35%
Magic:  0/5        EV: 12    Int: 12    God:    Qazlal [*.....]
Gold:   82         SH:  2    Dex: 13    Spells: 5/5 levels left

rFire   . . .      SeeInvis +   a - +2 mace
rCold   . . .      Faith    .   (no shield)
rNeg    + . .      Spirit   +   h - +0 leather armour
rPois   .          Reflect  .   f - +2 helmet
rElec   .          Harm     .   (no cloak)
rCorr   .          Rampage  .   (no gloves)
Will    .....                   b - +0 pair of boots
Stlth   ++........              q - amulet of guardian spirit
HPRegen 0.11/turn               n - ring of positive energy
MPRegen 0.09/turn               r - ring of see invisible

@: no status effects
A: no striking features
a: Renounce Religion


You were on level 3 of the Dungeon.
You worshipped Qazlal.
Qazlal was aware of your devotion.
You visited 1 branch of the dungeon, and saw 3 of its levels.

You collected 82 gold pieces.

Inventory:

Hand Weapons
 a - a +2 mace (weapon)
Missiles
 i - 76 arrows
 k - 4 poisoned darts (quivered)
Armour
 b - a +0 pair of boots (worn)
 c - a +0 robe
 f - a +2 helmet (worn)
 h - a +0 leather armour (worn)
Magical Staves
 j - a staff of fire
Jewellery
 n - a ring of positive energy (left hand)
 q - an amulet of guardian spirit (around neck)
 r - a ring of see invisible (right hand)
Scrolls
 g - a scroll of identify {unknown}
 l - 2 scrolls of vulnerability {unknown}
 p - a scroll of fear {unknown}
Potions
 d - 2 potions of lignification {unknown}
 e - 2 potions of curing {unknown}
 m - a potion of brilliance {unknown}
 o - a potion of mutation {unknown}


   Skills:
 * Level 2.1 Fighting
 - Level 4.0 Maces & Flails
 - Level 1.0 Armour
 * Level 2.0 Dodging
 - Level 2.0 Stealth
 - Level 1.0 Spellcasting
 + Level 0.1 Hexes
 + Level 1.9 Air Magic
 - Level 1.0 Evocations


You had 5 spell levels left.
You didn't know any spells.
Your spell library contained the following spells:

 Spells                   Type           Power      Damage    Failure   Level
 Slow                     Hex            4%         N/A       34%         1
 Poisonous Vapours        Pois/Air       4%         N/A       36%         2
 Static Discharge         Conj/Air       2%         N/A       36%         2
 Confusing Touch          Hex            1%         N/A       71%         3
 Vampiric Draining        Necr           0%         2d6       73%         3


Dungeon Overview and Level Annotations

Branches:
Dungeon (3/15)

Altars:
Qazlal

Shops:
D:2 :


Message History

You block the sling bullet.
The goblin shoots a stone.
The stone barely misses you.
The goblin shoots a stone.
The stone closely misses you.
The hobgoblin shoots a sling bullet.
The sling bullet hits you.
The hobgoblin shoots a sling bullet.
The sling bullet misses you.
The goblin shoots a stone.
The stone hits you.
The goblin shoots a stone.
The stone hits you.
The hobgoblin shoots a sling bullet.
The sling bullet closely misses you.
The hobgoblin shoots a sling bullet.
The sling bullet closely misses you.
The goblin shoots a stone.
The stone barely misses you.
You see here a ring of see invisible.
r - a ring of see invisible The hobgoblin shoots a sling bullet.
The sling bullet hits you.
The hobgoblin shoots a sling bullet.
The sling bullet hits you!
* * * LOW HITPOINT WARNING * * *
The hobgoblin shoots a sling bullet.
The sling bullet closely misses you.
The hobgoblin shoots a sling bullet.
The sling bullet hits you.
The hobgoblin shoots a sling bullet.
The sling bullet barely misses you.
r - a ring of see invisible (right hand)
The hobgoblin shoots a sling bullet.
The sling bullet misses you.
The goblin shoots a stone.
The stone hits you.
* * * LOW HITPOINT WARNING * * *
The hobgoblin unwields a +0 hunting sling.
The hobgoblin hits you.
* * * LOW HITPOINT WARNING * * *
The goblin unwields a +0 hunting sling.
The goblin closely misses you.
The hobgoblin wields a +0 hunting sling.
The hobgoblin shoots a sling bullet.
The sling bullet misses you.
The goblin wields a +0 hunting sling.
The goblin shoots a stone.
The stone closely misses you.
The goblin shoots a stone.
The stone hits you.
* * * LOW HITPOINT WARNING * * *
The goblin shoots a stone.
The stone hits you but does no damage.
The goblin shoots a stone.
The stone hits you but does no damage.
The goblin unwields a +0 hunting sling.
The goblin barely misses you.
You closely miss the goblin.
The hobgoblin shoots a sling bullet.
The sling bullet hits you.
The goblin shoots a stone.
The stone barely misses you. The goblin barely misses you.
The hobgoblin shoots a sling bullet.
The sling bullet hits you!
You die...

.(..≈≈≈≈≈≈≈≈≈≈≈≈≈≈≈≈≈≈≈≈≈≈≈≈
....≈≈≈...≈≈≈≈.≈≈≈≈≈≈≈≈≈≈≈≈≈.≈
.............................
..............g.............
#.##..#.#.g####...#....###.. #
##.#....# ##............
#.###..# ##g##†.>#.###
##.###.g######g###.##.# #
.......g.....@........###.#
...##..............##.....# #
###.######.#....>..#### #.#
#.#.#####.# #.# #.#.# #.# #.#
#.#.# ##.######. #.#
#....###.....)... #.#
.........####### #. ...####.#
###


You could see 2 hobgoblins and 2 goblins.

Vanquished Creatures
  2 adders
  A ball python (D:2)
  6 bats
  3 endoplasms
  2 giant cockroaches
  7 goblins
  3 hobgoblins
  3 jackals (D:1)
  3 kobolds
  4 quokkas
  6 frilled lizards
  2 rats
42 creatures vanquished.

Notes
Turn   | Place    | Note
-------+----------+-------------------------------------------
     0 | D:1      | hashsling the Human Wanderer began the quest for the Orb.
     0 | D:1      | hashsling set off with the following items: a +2 mace, a +0
                  | pair of boots, a +0 robe; and the following spells
                  | available to memorise: Poisonous Vapours, Static Discharge
     0 | D:1      | Reached XP level 1. HP: 13/13 MP: 2/2
   135 | D:1      | Reached XP level 2. HP: 11/20 MP: 3/3
   174 | D:1      | Reached skill level 1 in Dodging
   222 | D:1      | Reached skill level 1 in Fighting
   469 | D:1      | Reached XP level 3. HP: 20/26 MP: 4/4
   765 | D:1      | Found a faded altar of an unknown god.
   766 | D:1      | Noticed a floating eye
   769 | D:1      | Noticed an eye of devastation
   773 | D:1      | Noticed a golden eye
   773 | D:1      | Noticed a floating eye
   783 | D:1      | Prayed at the altar of an unknown god.
   783 | D:1      | Became a worshipper of Qazlal Stormbringer
   783 | D:1      | Reached * piety under Qazlal
  1148 | D:2      | Found Kureamocke's Book Emporium.
  1349 | D:2      | Reached XP level 4. HP: 33/33 MP: 5/5
  1770 | D:3      | HP: 1/33 [goblin/stone (2)]
  1784 | D:3      | Shot with a sling bullet by a hobgoblin

Illustrated notes

Levels and vault maps discovered:
D:1:      minmay_arrival_doors, layout_rooms,
          hellmonk_ecumenical_altar_watching_god,
          amcnicky_mini_rare_corridor_liquid
D:2:      layout_rooms, serial_shops, nicolae_shop_advertising_works
          [nicolae_subvault_shop_adworks], lemuel_old_faithful
D:3:      minmay_goblin_kobold_castle, layout_loops_ring,
          mainiacjoe_overflow_chevrons, corexii_shack, uniq_grinder

Skill      XL: |  1  2  3  4 |
---------------+-------------+-----
Dodging        | 1 2 |  2.0
Fighting       | 1 2 |  2.1
Maces & Flails | |  4.0
Armour         | |  1.0
Stealth        | |  2.0
Spellcasting   | |  1.0
Hexes          | |  0.1
Air Magic      | |  1.9
Evocations     | |  1.0

Action                   |  1- 3 |  4- 6 || total
-------------------------+-------+-------++-------
Melee: Mace              |    88 |    22 ||   110
       Punch             |     1 |       ||     1
Armor: Robe              |     5 |       ||     5
       Leather armour    |    30 |    21 ||    51
Dodge: Dodged            |    52 |    31 ||    83
Block: Other             |       |     3 ||     3

Table legend: (Time is in decaauts)
 A = Elapsed time spent in this place.
 B = Non-inter-level travel time spent in this place.
 C = Inter-level travel time spent in this place.
 D = Time resting spent in this place.
 E = Time spent auto-exploring this place.
 F = Levels seen in this place.
 G = Mean time per level.
                   A        B        C        D        E       F      G
               +--------+--------+--------+--------+--------+-----+--------+
         Total |   1804 |   1779 |     25 |      0 |   1282 |   3 |  601.3 |
       Dungeon |   1804 |   1779 |     25 |      0 |   1282 |   3 |  601.3 |
               +--------+--------+--------+--------+--------+-----+--------+

Top non-repeatable levels by time:
     D:1: 920 daAuts
     D:2: 727 daAuts
     D:3: 157 daAuts
